 Dungeon Sprint DCSS version 0.29.1-2-gbd0b4ee654 (webtiles) character file.

Game seed: 11807600723492472834

6255 boopmooplesden the Bludgeoner (level 10, -17/111 HPs)
             Began as a Minotaur Berserker on Nov 27, 2022.
             Was the Champion of Trog.
             Killed from afar by Dowan (32 damage)
             ... with a stone arrow
             ... in the Dungeon (Sprint III: "The Ten Rune Challenge").
             The game lasted 00:05:41 (2441 turns).

boopmooplesden the Bludgeoner (Minotaur Berserker)  Turns: 2441, Time: 00:05:41

Health: -17/111    AC: 10    Str: 27    XL:     10   Next: 62%
Magic:  9/9        EV: 15    Int:  4    God:    Trog [******]
Gold:   1873       SH:  0    Dex: 13    Spells: 9/9 levels left

rFire   . . .      SeeInvis .   w - +9 dire flail of Quantum Leap {flame, rN+ Dex+4}
rCold   . . .      Faith    .   (shield currently unavailable)
rNeg    + . .      Spirit   .   q - +0 ring mail
rPois   .          Reflect  .   (helmet restricted)
rElec   .          Harm     .   k - +2 cloak {Stlth+}
rCorr   .          Rampage  .   (no gloves)
Will    .....      NoTele   +   (no boots)
Stlth   ++........              (no amulet)
HPRegen 0.28/turn               (no ring)
MPRegen 0.11/turn               (no ring)

@: lit by a corona, on berserk cooldown, slowed, glowing, very slow
A: horns 2, retaliatory headbutt
a: Renounce Religion, Berserk, Trog's Hand, Brothers in Arms


You were in the Dungeon.
You worshipped Trog.
Trog was exalted by your worship.
You visited 1 branch You collected 1985 gold pieces.
You spent 112 gold pieces at shops.

Inventory:

Hand Weapons
 a - a +0 mace
 j - a +3 quarterstaff of chaos
 r - a +0 long sword of holy wrath
 t - a +6 vorpal great mace
 v - a +0 short sword
 w - the +9 dire flail of Quantum Leap (weapon) {flame, rN+ Dex+4}
   (Trog gifted it to you in the Dungeon)

   It burns those it strikes, dealing additional fire damage.
   Dex:       It affects your dexterity (+4).
   rN:        It protects you from negative energy.
Armour
 b - a +0 animal skin
 k - a +2 cloak of stealth (worn)
 q - a +0 ring mail (worn)
Scrolls
 h - a scroll of blinking
 l - 2 scrolls of poison {unknown}
 m - 2 scrolls of identify {unknown}
 n - a scroll of fear {unknown}
 u - a scroll of enchant armour {unknown}
Potions
 c - 2 potions of curing
 d - a potion of heal wounds
 e - a potion of haste
 f - 3 potions of magic
 g - 2 potions of berserk rage
 i - a potion of invisibility {unknown}
 o - a potion of ambrosia {unknown}
 p - 5 potions of mutation
Miscellaneous
 s - a condenser vane (inert)


   Skills:
 + Level 17.6 Fighting
 + Level 19.7 Maces & Flails
 + Level 10.3 Armour
 + Level 9.2 Dodging
 + Level 5.1 Stealth
 + Level 0.5 Evocations


You had 9 spell levels left.
You didn't know any spells.
Your spell library was empty.

Dungeon Overview and Level Annotations

Branches:
Dungeon (1/1)

Altars:
Cheibriados
Dithmenos
Elyvilon
Fedhas
Gozag
Hepliaklqana
Kikubaaqudgha
Makhleb
Nemelex Xobeh
Okawaru
Qazlal
Ru
Sif Muna
Trog
Uskayaw
Vehumet
Wu Jian
Xom
Yredelemnul
Zin
The Shining One
Jiyva
Lugonu

Shops:
D *

Annotations:
D Dowan


Innate Abilities, Weirdness & Mutations

You have a pair of horns on your head.
You reflexively headbutt those who attack you in melee.


Message History

Duvessa freezes you.
Dowan hits you with a +2 morningstar of distortion!
Dowan gestures wildly while chanting.
Dowan blinks!
Duvessa hits you with a +1 great sword of freezing.
* * * LOW HITPOINT WARNING * * *
Duvessa freezes you.
* * * LOW HITPOINT WARNING * * *
You closely miss Duvessa. You headbutt Duvessa, but do no damage.
Duvessa is severely wounded.
You puncture Duvessa! You burn Duvessa.
Duvessa is severely wounded.
Duvessa closely misses you. You furiously retaliate!
You headbutt Duvessa! You barely miss Duvessa. You headbutt Duvessa.
Duvessa is severely wounded.
Duvessa misses you.
Dowan gestures wildly while chanting.
Dowan blinks!
You puncture Duvessa! You burn Duvessa.
Duvessa is almost dead.
Duvessa hits you but does no damage.
You bludgeon Duvessa!! You burn Duvessa.
You kill Duvessa!
Trog accepts your kill.
Dowan's eyes darken. "You have made a black mistake."
Dowan seems to find hidden reserves of power!
Dowan hits you with a +2 morningstar of distortion.
* * * LOW HITPOINT WARNING * * *
Space warps around you.
* * * LOW HITPOINT WARNING * * *
Dowan hits you with a +2 morningstar of distortion.
* * * LOW HITPOINT WARNING * * *
You puncture Dowan! You burn Dowan.
Dowan is moderately wounded.
Dowan closely misses you.
You bludgeon Dowan!! You burn Dowan.
Dowan is heavily wounded.
Dowan gestures at you while chanting. The stone arrow hits you!!
You die...

#)###########################
#)...#.#.#....)#......'...~≈#
##.#..#.##)###)#.^....#...~≈###
'##)#.#.##.#.)##^.....#.†.~≈≈≈#
#.))#..#..##..'^..^...#...~~~~#
▓▓▓▓▓▓▓▓▓▓▓▓▓▓#..^^...#.......#
#......^#.......#
+.e.^.^.#.......#
#.@^....######### ##)######
#... #...# #...# #####


You could see Dowan (fast).

Vanquished Creatures
  Erolcha (D)
  An orc knight (D)
  A deep elf pyromancer (D)
  2 orc sorcerers (D)
  Duvessa (D)
  A queen bee (D)
  A shadow (D)
  2 redbacks (D)
  A spatial vortex (D)
  An orc warrior (D)
  5 two-headed ogres (D)
  A necrophage (D)
  A water elemental (D)
  32 killer bees (D)
  A jelly (D)
  3 orc priests (D)
  Crazy Yiuf (D)
  Jessica (D)
  A wizard (D)
  A necromancer (D)
  An orc wizard (D)
  3 humans (D)
  A kobold demonologist (D)
  10 orcs (D)
  An endoplasm (D)
  A rat (D)
76 creatures vanquished.

Notes
Turn   | Place    | Note
-------+----------+-------------------------------------------
     0 | D        | boopmooplesden the Minotaur Berserker began the quest for
                  | the Orb.
     0 | D        | Reached XP level 1. HP: 19/19 MP: 0/0
    12 | D        | Reached skill level 4 in Maces & Flails
    24 | D        | Noticed Jessica
    32 | D        | Killed Jessica
    32 | D        | Reached ** piety under Trog
    33 | D        | Reached skill level 5 in Fighting
    33 | D        | Reached skill level 5 in Maces & Flails
    33 | D        | Reached XP level 2. HP: 9/30 MP: 1/1
   210 | D        | Noticed Crazy Yiuf
   216 | D        | Reached skill level 6 in Maces & Flails
   216 | D        | Reached XP level 3. HP: 38/38 MP: 2/2
   217 | D        | Killed Crazy Yiuf
   218 | D        | Reached skill level 7 in Maces & Flails
   218 | D        | Reached XP level 4. HP: 47/47 MP: 3/3
   386 | D        | Noticed a water elemental
   390 | D        | Killed a water elemental
   391 | D        | Reached skill level 8 in Maces & Flails
   391 | D        | Reached skill level 1 in Stealth
   531 | D        | Found a shadowy altar of Dithmenos.
   531 | D        | Noticed a necrophage
   535 | D        | Killed a necrophage
   536 | D        | Reached skill level 9 in Maces & Flails
   536 | D        | Reached XP level 5. HP: 57/57 MP: 4/4
   538 | D        | Reached *** piety under Trog
   539 | D        | Reached skill level 5 in Armour
   539 | D        | Found a basalt altar of Yredelemnul.
   539 | D        | Found a sacrificial altar of Ru.
   582 | D        | Found a radiant altar of Vehumet.
   588 | D        | Reached **** piety under Trog
   589 | D        | Found a shimmering blue altar of Sif Muna.
   589 | D        | Found an ancient bone altar of Kikubaaqudgha.
   597 | D        | Found a hide-covered altar of Uskayaw.
   597 | D        | Found an iron altar of Okawaru.
   597 | D        | Found a bloodstained altar of Trog.
   597 | D        | Found an ornate altar of the Wu Jian Council.
   597 | D        | Noticed a human
   597 | D        | Noticed a human
   607 | D        | Killed a human
   608 | D        | Reached skill level 10 in Fighting
   608 | D        | Reached skill level 11 in Maces & Flails
   608 | D        | Reached skill level 5 in Dodging
   608 | D        | Reached XP level 6. HP: 67/67 MP: 5/5
   610 | D        | Killed a human
   611 | D        | Reached skill level 12 in Maces & Flails
   611 | D        | Reached XP level 7. HP: 74/74 MP: 6/6
   697 | D        | Found a glowing silver altar of Zin.
   698 | D        | Found a glowing golden altar of the Shining One.
   698 | D        | Found a white marble altar of Elyvilon.
   698 | D        | Noticed a deep elf pyromancer
   700 | D        | Noticed a fire elemental
   702 | D        | Killed a deep elf pyromancer
   703 | D        | Reached skill level 13 in Maces & Flails
   817 | D        | Noticed a shadow
   822 | D        | Killed a shadow
   822 | D        | Reached ***** piety under Trog
   823 | D        | Reached skill level 14 in Maces & Flails
   823 | D        | Reached XP level 8. HP: 86/86 MP: 7/7
   997 | D        | Found a blossoming altar of Fedhas.
   997 | D        | Found a stormy altar of Qazlal.
   997 | D        | Found a snail-covered altar of Cheibriados.
   997 | D        | Found a burning altar of Makhleb.
   997 | D        | Found a shimmering altar of Xom.
   998 | D        | Found a hazy altar of Hepliaklqana.
   998 | D        | Found an opulent altar of Gozag.
   998 | D        | Found a sparkling altar of Nemelex Xobeh.
   998 | D        | Found a corrupted altar of Lugonu.
   998 | D        | Found a viscous altar of Jiyva.
  1287 | D        | Noticed a two-headed ogre
  1298 | D        | Killed a two-headed ogre
  1299 | D        | Reached skill level 15 in Maces & Flails
  1499 | D        | Noticed a two-headed ogre
  1499 | D        | Noticed Erolcha
  1503 | D        | Killed a two-headed ogre
  1504 | D        | Reached XP level 9. HP: 96/96 MP: 8/8
  1506 | D        | Killed Erolcha
  1507 | D        | Reached skill level 15 in Fighting
  1507 | D        | Reached skill level 16 in Maces & Flails
  1537 | D        | Found Erusk's Assorted Antiques.
  1538 | D        | Noticed an orc sorcerer
  1539 | D        | Noticed an orc knight
  1539 | D        | Received a gift from Trog
  1552 | D        | Noticed an orc sorcerer
  1556 | D        | Killed an orc sorcerer
  1557 | D        | Reached skill level 17 in Maces & Flails
  1568 | D        | Killed an orc knight
  1569 | D        | Received a gift from Trog
  1575 | D        | Killed an orc sorcerer
  1575 | D        | Reached ****** piety under Trog
  1576 | D        | Reached skill level 18 in Maces & Flails
  1576 | D        | Reached XP level 10. HP: 74/108 MP: 9/9
  1584 | D        | Received a gift from Trog
  1617 | D        | Bought a potion of heal wounds for 80 gold pieces
  1617 | D        | Bought a scroll labelled HYNTORGH ZOGRUN for 16 gold pieces
  1617 | D        | Bought a scroll labelled HOTUYSAENU for 16 gold pieces
  1847 | D        | Reached skill level 5 in Stealth
  1871 | D        | Received a gift from Trog
  1893 | D        | Reached skill level 10 in Armour
  1908 | D        | Received a gift from Trog
  1914 | D        | Reached skill level 19 in Maces & Flails
  1934 | D        | Received a gift from Trog
  1965 | D        | Identified the +9 dire flail of Quantum Leap {flame, rN+
                  | Dex+4} (Trog gifted it to you in the Dungeon)
  1965 | D        | Received a gift from Trog
  2313 | D        | Noticed Dowan
  2313 | D        | Noticed Duvessa
  2439 | D        | Killed Duvessa
  2441 | D        | Killed from afar by Dowan

Illustrated notes

Levels and vault maps discovered:
D:        dungeon_sprint_mu [sprint_mu_entry_cave, sprint_mu_temple_rooms,
          sprint_mu_d1_spiders, sprint_mu_d2_genie, sprint_mu_d3_branching,
          sprint_mu_orc_legion, sprint_mu_elf_gauntlet, sprint_mu_hive_nellie,
          sprint_mu_lair_fedhas, sprint_mu_vaults_butterflies,
          sprint_mu_slime_circle, sprint_mu_shoals_archi,
          sprint_mu_snake_twists, sprint_mu_blade_basic, sprint_mu_crypt_lich,
          sprint_mu_tomb_spiral, sprint_mu_vestibule_basic,
          sprint_mu_gehenna_hellfire, sprint_mu_dis_giant,
          sprint_mu_tartarus_statrot, sprint_mu_cocytus_islands, sprint_mu_zot1]

Skill      XL: |  1  2  3  4  5  6  7  8  9 10 |
---------------+-------------------------------+-----
Fighting       | 5 6 7 9 10 11 13 14 16 17 | 17.6
Maces & Flails | 5 6 7 9 11 12 14 15 18 19 | 19.7
Armour         | 3 4 5 6 8 9 10 | 10.3
Dodging        | 3 4 5 6 7 8 9 |  9.2
Stealth        | 1 2 3 4 5 |  5.1
Evocations     | |  0.5

Action                   |  1- 3 |  4- 6 |  7- 9 | 10-12 || total
-------------------------+-------+-------+-------+-------++-------
Melee: Mace              |     8 |    25 |    35 |       ||    68
       Headbutt          |     2 |     5 |    14 |    13 ||    34
       Great mace        |       |       |    19 |    71 ||    90
       Dire flail        |       |       |       |    21 ||    21
Invok: Berserk           |     2 |     3 |     6 |     1 ||    12
Evoke: Condenser vane    |       |       |     1 |     2 ||     3
  Use: Potion            |       |       |       |     2 ||     2
 Stab: Sleeping          |     1 |       |     1 |       ||     2
Armor: Animal skin       |       |     3 |       |       ||     3
       Ring mail         |       |       |     9 |    18 ||    27
Dodge: Dodged            |     4 |     9 |    16 |    77 ||   106
